 Dungeon Crawl Stone Soup version 0.31-a0-889-g1a8549509d (webtiles) character file.

Game seed: 16473489218081564882

119 Agrostarius the Chiller (level 5, -6/35 HPs)
             Began as a Human Ice Elementalist on Oct 16, 2023.
             Killed by divine providence
             ... invoked by an orc priest
              (15 damage)
             ... on level 3 of the Dungeon.
             The game lasted 00:12:50 (2177 turns).

Agrostarius the Chiller (Human Ice Elementalist)    Turns: 2177, Time: 00:12:50

Health: -6/35      AC:  6    Str: 11    XL:     5   Next: 24%
Magic:  1/9        EV: 10    Int: 17    God:
Gold:   150        SH:  0    Dex: 14    Spells: 5/9 levels left

rFire   . . .        o - +1 dagger (venom)
rCold   . . .        (no shield)
rNeg    . . .        e - +1 ring mail of Fuzzy Intercession {rElec Str+3}
rPois   .            (no helmet)
rElec   +            (no cloak)
rCorr   .            (no gloves)
SInv    .            (no boots)
Will    .....        (no amulet)
Stlth   +            (no ring)
HPRegen 0.25/turn    (no ring)
MPRegen 0.11/turn

%: no passive effects
@: no status effects
A: no striking features
a: no special abilities


You were on level 3 of the Dungeon.
You visited 1 branch of the dungeon, and saw 3 of its levels.

You collected 150 gold pieces.

Inventory:

Hand Weapons
 o - a +1 dagger of venom (weapon)
Missiles
 f - 2 stones
Armour
 e - the +1 ring mail of Fuzzy Intercession (worn) {rElec Str+3}
   (You found it on level 2 of the Dungeon)

   Str+3:     It affects your strength (+3).
   rElec:     It insulates you from electricity.
 g - a +0 scale mail
 h - a +0 robe
Scrolls
 a - 3 scrolls of enchant armour {unknown}
 d - a scroll of identify
 m - a scroll of brand weapon {unknown}
 p - a scroll of teleportation {unknown}
Potions
 b - a potion of magic
 c - a potion of lignification
 i - a potion of berserk rage {unknown}
 j - a potion of mutation {unknown}
 k - a potion of might {unknown}
 l - a potion of curing {unknown}
 n - a potion of attraction {unknown}


   Skills:
 + Level 0.2 Short Blades
 + Level 2.3 Dodging
 + Level 2.3 Stealth
 + Level 2.8 Spellcasting
 + Level 5.3 Ice Magic


You had 5 spell levels left.
You knew the following spells:

 Your Spells              Type           Power      Damage    Failure   Level
a - Freeze                Ice            80%        1d9       4%          1
b - Ozocubu's Armour      Ice            20%        N/A       14%         3

Your spell library contained the following spells:

 Spells                   Type           Power      Damage    Failure   Level
 Frozen Ramparts          Ice            40%        1d7       14%         3
 Summon Ice Beast         Ice/Summ       11%        N/A       82%         4


Dungeon Overview and Level Annotations

Branches:
Dungeon (3/15)

Altars:


Message History

You kill the orc!
Things that are here:
a +0 dagger; a +0 robe
Found a faded altar of an unknown god.
Items here: ( )) [[ †.
Your magical contamination has completely faded away.
An orc priest comes into view. It is wielding a +0 short sword.
Found a bubbling ruby potion and a ring mail.
The orc priest shouts!
Found a stone staircase leading down.
The orc priest completely misses you.
Casting: Freeze (safe; 4% risk of failure)
Confirm with . or Enter, or press ? or * to list all spells.
Aiming: Freeze (safe; 4% risk of failure)
Press: ? - help, Shift-Dir - straight line, f - orc priest
Aim: an orc priest, wielding a +0 short sword and wearing a +0 ring mail You freeze the orc priest.
The orc priest is lightly wounded.
An orc wizard comes into view. It is wielding a +0 dagger.
The orc priest begins to cast a cantrip, but forgets the words!
Unknown command.
Casting: Freeze (safe; 4% risk of failure)
Confirm with . or Enter, or press ? or * to list all spells.
Aiming: Freeze (safe; 4% risk of failure)
Press: ? - help, Shift-Dir - straight line, f/p - orc priest
Aim: an orc priest, wielding a +0 short sword and wearing a +0 ring mail (lightly wounded)
You freeze the orc priest.
The orc priest is moderately wounded.
The orc priest mumbles some strange prayers to Beogh against you.
Beogh smites you!
You closely miss the orc priest.
The orc priest is moderately wounded.
An orc comes into view. It is wielding a +0 short sword.
The orc wizard gestures at you while chanting.
The puff of flame hits you.
* * * LOW HITPOINT WARNING * * *
The orc priest completely misses you.
The orc shouts!
The orc priest calls down the wrath of Beogh upon you.
Beogh smites you!
You die...

#.#### #.# .# #>#
#.## #.# ...## #.#
....# #.#####
...#### #.....#
......o
#####.######...#o#
#))..@.o.....#
######...#...#
##.#_# .# #..#..
#.....[# .##.####
. .# > .#


You could see an orc priest and an orc wizard.

Vanquished Creatures
  An orc wizard (D:3)
  3 adders (D:2)
  A worm (D:2)
  2 dart slugs
  2 orcs (D:3)
  4 ball pythons
  10 endoplasms
  2 giant cockroaches
  5 hobgoblins
  2 jackals (D:2)
  2 quokkas
  6 bats
  2 frilled lizards (D:1)
  6 goblins
  4 kobolds
  A rat (D:2)
53 creatures vanquished.

Notes
Turn   | Place    | Note
-------+----------+-------------------------------------------
     0 | D:1      | Agrostarius the Human Ice Elementalist began the quest for
                  | the Orb.
     0 | D:1      | Reached XP level 1. HP: 13/13 MP: 3/3
   213 | D:1      | Reached XP level 2. HP: 19/19 MP: 3/5
   641 | D:1      | Reached XP level 3. HP: 13/24 MP: 4/6
  1274 | D:2      | Learned a level 3 spell: Ozocubu's Armour
  1427 | D:2      | Reached XP level 4. HP: 22/30 MP: 2/7
  1462 | D:2      | Reached skill level 5 in Ice Magic
  1913 | D:2      | Identified the +1 ring mail of Fuzzy Intercession {rElec
                  | Str+3}
  2165 | D:3      | Reached XP level 5. HP: 23/35 MP: 3/9
  2167 | D:3      | Found a faded altar of an unknown god.
  2177 | D:3      | Killed from afar by an orc priest

Illustrated notes

Levels and vault maps discovered:
D:1:      dpeg_arrival_connections, layout_basic, serial_aquarium,
          aquarium_bridge_square [aquarium_subvault_bridge,
          aquarium_subvault_window, aquarium_subvault_balcony,
          aquarium_subvault_bridge], aquarium_bridge_long_separate
          [aquarium_subvault_balcony, aquarium_subvault_wall,
          aquarium_subvault_bridge, aquarium_subvault_window,
          aquarium_subvault_window, aquarium_subvault_bridge],
          aquarium_window_2, aquarium_window_2, aquarium_window_fake,
          aquarium_view_2c, aquarium_view_2c, aquarium_balcony_5b
D:2:      layout_basic
D:3:      layout_loops_corners, fiery_altar_vehumet,
          chequers_ecumenical_altar_simple

Skill      XL: |  1  2  3  4 |
---------------+-------------+-----
Ice Magic      | 5 |  5.3
Short Blades   | |  0.2
Dodging        | |  2.3
Stealth        | |  2.3
Spellcasting   | |  2.8

Action                     |  1- 3 |  4- 6 || total
---------------------------+-------+-------++-------
  Melee: Short sword       |    22 |     2 ||    24
         Unarmed           |     1 |       ||     1
         Punch             |     1 |       ||     1
         Dagger            |       |    18 ||    18
   Cast: Freeze            |    53 |    26 ||    79
    Use: Scroll            |       |     1 ||     1
   Stab: Sleeping          |       |     1 ||     1
 Armour: Robe              |    28 |    18 ||    46
         Ring mail         |       |    10 ||    10
  Dodge: Dodged            |    32 |    30 ||    62

Table legend: (Time is in decaauts)
 A = Elapsed time spent in this place.
 B = Non-inter-level travel time spent in this place.
 C = Inter-level travel time spent in this place.
 D = Time resting spent in this place.
 E = Time spent auto-exploring this place.
 F = Levels seen in this place.
 G = Mean time per level.
                   A        B        C        D        E       F      G
               +--------+--------+--------+--------+--------+-----+--------+
         Total |   2176 |   2176 |      0 |    146 |   1356 |   3 |  725.3 |
       Dungeon |   2176 |   2176 |      0 |    146 |   1356 |   3 |  725.3 |
               +--------+--------+--------+--------+--------+-----+--------+

Top non-repeatable levels by time:
     D:1: 1195 daAuts
     D:2: 883 daAuts
     D:3: 97 daAuts
